[Event "ICCopen2017"]
[Site "Internet Chess Club"]
[Date "2017.03.25"]
[Round "1"]
[White "Buscapina"]
[Black "KidRattler"]
[Result "1-0"]
[ICCResult "Black checkmated"]
[WhiteElo "2102"]
[BlackElo "1503"]
[Opening "Caro-Kann: Tartakower (Nimzovich) variation"]
[ECO "B15"]
[NIC "CK.06"]
[Time "14:03:48"]
[TimeControl "180+0"]

1. e4 d5 2. Nc3 c6 3. d4 dxe4 4. Nxe4 Nf6 5. Nxf6+ exf6 6. Nf3 Be7 7. Be2
O-O 8. O-O Bf5 9. c3 Nd7 10. Bd3 Bg6 11. Re1 Re8 12. Bf4 c5 13. Bxg6 fxg6
14. Qb3+ Kh8 15. Qxb7 g5 16. Bg3 f5 17. Ne5 Nxe5 18. Bxe5 Bf6 19. Bxf6 Qxf6
20. dxc5 Rab8 21. Qxa7 h6 22. Qd7 Rxe1+ 23. Rxe1 Rxb2 24. c6 Qe5 25. Qe8+
Qxe8 26. Rxe8+ Kh7 27. h3 Rxa2 28. c7 Ra1+ 29. Kh2 g4 30. hxg4 fxg4 31. c8=Q
g3+ 32. fxg3 h5 33. Qf5+ Kh6 34. Rh8# {Black checkmated} 1-0

[Event "ICCopen2017"]
[Site "Internet Chess Club"]
[Date "2017.03.25"]
[Round "1"]
[White "Butters"]
[Black "nr3"]
[Result "1-0"]
[ICCResult "Black resigns"]
[WhiteElo "2500"]
[BlackElo "1641"]
[Opening "Anderssen's opening"]
[ECO "A00"]
[NIC "VO.14"]
[Time "14:03:59"]
[TimeControl "180+0"]

1. a3 Nf6 2. c4 g6 3. b4 d6 4. Bb2 Bg7 5. Nf3 O-O 6. g3 Nh5 7. Bxg7 Nxg7 8.
d4 e5 9. dxe5 Qe7 10. exd6 cxd6 11. Bg2 Nc6 12. O-O Bf5 13. Nc3 Be6 14. Nd5
Bxd5 15. cxd5 Ne5 16. Nd4 Rac8 17. h3 Rc7 18. Rc1 Rfc8 19. Rxc7 Qxc7 20. f4
Nc4 21. Qd3 a6 22. a4 Qd7 23. Rc1 b5 24. axb5 axb5 25. Nc6 Nf5 26. e4 Nfe3
27. Ra1 Nxg2 28. Kxg2 Rb8 29. Qd4 Qc7 30. Ra7 Rb7 31. Ra8+ {Black resigns}
1-0

[Event "ICCopen2017"]
[Site "Internet Chess Club"]
[Date "2017.03.25"]
[Round "1"]
[White "RebelJohnny"]
[Black "ivancele"]
[Result "1-0"]
[ICCResult "Black resigns"]
[WhiteElo "2011"]
[BlackElo "1464"]
[Opening "Bird's opening"]
[ECO "A02"]
[NIC "VO.07"]
[Time "14:04:00"]
[TimeControl "180+0"]

1. f4 d6 2. Nf3 f5 3. e3 Nf6 4. b3 g6 5. Bb2 Bg7 6. Be2 c6 7. O-O Be6 8. d4
h6 9. c4 Bf7 10. Nc3 Qc7 11. Qc2 O-O 12. e4 e6 13. Rac1 Nbd7 14. d5 cxd5 15.
exd5 exd5 16. Nb5 Qb8 17. cxd5 Nxd5 18. Bxg7 Kxg7 19. Bc4 N7b6 20. Rfd1 a6
21. Nbd4 Ne3 22. Qc3 Nxd1 23. Nxf5+ {Black resigns} 1-0

[Event "ICCopen2017"]
[Site "Internet Chess Club"]
[Date "2017.03.25"]
[Round "1"]
[White "KoolMan"]
[Black "bellotari"]
[Result "1-0"]
[ICCResult "Black checkmated"]
[WhiteElo "2044"]
[BlackElo "1477"]
[Opening "Robatsch (modern) defense"]
[ECO "B06"]
[NIC "KF.05"]
[Time "14:03:22"]
[TimeControl "180+0"]

1. e4 g6 2. d4 Bg7 3. Nf3 b6 4. Bc4 Bb7 5. Nc3 h6 6. O-O a6 7. a4 e6 8. Re1
d6 9. Bf4 Ne7 10. Qd2 Nd7 11. a5 b5 12. Bb3 Nf8 13. d5 e5 14. Be3 Bc8 15.
Ne2 f5 16. exf5 gxf5 17. Qb4 f4 18. Bd2 Bb7 19. c4 Rb8 20. cxb5 Nxd5 21. Qc4
axb5 22. Qxb5+ c6 23. Qd3 Qf6 24. a6 Ba8 25. a7 Rc8 26. Ba4 Kd7 27. Qxd5 Ne6
28. Nc3 Rhg8 29. Nxe5+ Kc7 30. Bxc6 dxe5 31. Qd7+ Kb6 32. Na4+ Ka6 33. Bb5#
{Black checkmated}
1-0

[Event "ICCopen2017"]
[Site "Internet Chess Club"]
[Date "2017.03.25"]
[Round "1"]
[White "Sibelephant"]
[Black "Mormegil"]
[Result "1-0"]
[ICCResult "Black resigns"]
[WhiteElo "3058"]
[BlackElo "1746"]
[Opening "QGD Slav: 4.e3"]
[ECO "D11"]
[NIC "SL.01"]
[Time "14:05:03"]
[TimeControl "180+0"]

1. d4 d5 2. c4 c6 3. Nf3 Nf6 4. e3 a6 5. Bd2 Bg4 6. Qb3 Ra7 7. Ne5 Bf5 8.
cxd5 cxd5 9. Nc3 e6 10. Qa4+ Nfd7 11. Rc1 Bd6 12. Nb5 Bxe5 13. dxe5 Ra8 14.
Nc7+ Kf8 15. Nxa8 Nc6 16. Qa3+ Kg8 17. Qd6 {Black resigns} 1-0

[Event "ICCopen2017"]
[Site "Internet Chess Club"]
[Date "2017.03.25"]
[Round "1"]
[White "Nfurter"]
[Black "Dinamit"]
[Result "0-1"]
[ICCResult "White resigns"]
[WhiteElo "1687"]
[BlackElo "2627"]
[Opening "Sicilian: closed"]
[ECO "B23"]
[NIC "SI.44"]
[Time "14:03:49"]
[TimeControl "180+0"]

1. e4 c5 2. Nc3 d6 3. f4 Nc6 4. Nf3 g6 5. Bc4 Bg7 6. d3 e6 7. f5 gxf5 8. O-O
Nge7 9. Qe1 fxe4 10. dxe4 Ng6 11. Be3 O-O 12. Rd1 Qe7 13. Qg3 Nce5 14. Be2
a6 15. Kh1 Kh8 16. Bg5 f6 17. Be3 Bd7 18. h4 Nxf3 19. gxf3 Ne5 20. Rg1 Rg8
21. h5 Bh6 22. Qxg8+ Rxg8 23. Rxg8+ Kxg8 24. Bxh6 f5 25. Rg1+ Kh8 26. Rg5
Qf6 27. exf5 Qxh6 {White resigns} 0-1

[Event "ICCopen2017"]
[Site "Internet Chess Club"]
[Date "2017.03.25"]
[Round "1"]
[White "Brothersinarms"]
[Black "Biraporto"]
[Result "1-0"]
[ICCResult "Black checkmated"]
[WhiteElo "1805"]
[BlackElo "1202"]
[Opening "Irish (Chicago) gambit"]
[ECO "C44"]
[NIC "KP.10"]
[Time "14:04:01"]
[TimeControl "180+0"]

1. e4 e5 2. Nf3 Nc6 3. Nxe5 Nxe5 4. d4 Ng6 5. Bd3 Nf6 6. O-O h5 7. f4 h4 8.
f5 h3 9. fxg6 hxg2 10. gxf7+ Kxf7 11. Kxg2 d6 12. Nc3 Bh3+ 13. Kg1 Bxf1 14.
Qxf1 Qd7 15. Bf4 Kg8 16. e5 Nh5 17. Bc4+ Kh7 18. Qd3+ g6 19. Bg5 Qg4+ 20.
Kh1 Qxg5 21. Be6 Kg7 22. Rg1 Ng3+ 23. Rxg3 c5 24. Rxg5 cxd4 25. Qxg6#
{Black checkmated}
1-0

[Event "ICCopen2017"]
[Site "Internet Chess Club"]
[Date "2017.03.25"]
[Round "1"]
[White "xionoula"]
[Black "knightspirit"]
[Result "1-0"]
[ICCResult "Black checkmated"]
[WhiteElo "1812"]
[BlackElo "1194"]
[Opening "Queen's pawn, Mason variation"]
[ECO "D00"]
[NIC "QP.08"]
[Time "14:04:00"]
[TimeControl "180+0"]

1. d4 d5 2. Bf4 Nf6 3. e3 e6 4. Nf3 Nbd7 5. Bd3 c5 6. c3 c4 7. Bc2 b5 8. a3
a6 9. Nbd2 Bb7 10. h3 Be7 11. O-O O-O 12. Ne5 Bd6 13. Nxf7 Kxf7 14. Bxd6 Nb6
15. Bxf8 Qxf8 16. Qf3 Qd6 17. e4 Kg8 18. e5 Qf8 19. exf6 gxf6 20. Qg4+ Kh8
21. Qxe6 Qd8 22. Rfe1 Nd7 23. Qf7 f5 24. Re7 Qg8 25. Rxd7 Bc6 26. Qxg8+ Kxg8
27. Rc7 Be8 28. Bxf5 Bg6 29. Bxg6 hxg6 30. Re1 Rd8 31. Ree7 g5 32. Nf3 g4
33. hxg4 Rf8 34. Ne5 Rxf2 35. Kxf2 a5 36. Re8# {Black checkmated} 1-0

[Event "ICCopen2017"]
[Site "Internet Chess Club"]
[Date "2017.03.25"]
[Round "1"]
[White "ehkopean"]
[Black "BlackHorse96"]
[Result "0-1"]
[ICCResult "White resigns"]
[WhiteElo "1741"]
[BlackElo "3056"]
[Opening "Alekhine's defense: Balogh variation"]
[ECO "B03"]
[NIC "AL.09"]
[Time "14:04:21"]
[TimeControl "180+0"]

1. e4 Nf6 2. e5 Nd5 3. d4 d6 4. Bc4 Nb6 5. Bb3 Nc6 6. exd6 Qxd6 7. c3 Bf5 8.
Nf3 e6 9. O-O Be7 10. Re1 Rd8 11. Bg5 Bxg5 12. Nxg5 O-O 13. Nd2 e5 14. Qf3
Qg6 15. Nxf7 Rxf7 16. Bxf7+ Qxf7 17. Ne4 Bxe4 18. Qxe4 exd4 19. cxd4 Rxd4
20. Qe3 Nc4 21. Qc3 Nd6 22. Rad1 Rxd1 23. Rxd1 Qxa2 24. b4 Qxf2+ 25. Kxf2
Ne4+ 26. Ke3 Nxc3 27. Rd7 Nxb4 28. Rxc7 Ncd5+ {White resigns} 0-1

[Event "ICCopen2017"]
[Site "Internet Chess Club"]
[Date "2017.03.25"]
[Round "1"]
[White "sonofmarabu"]
[Black "Barbos"]
[Result "0-1"]
[ICCResult "White checkmated"]
[WhiteElo "1713"]
[BlackElo "2494"]
[Opening "Sicilian"]
[ECO "B50"]
[NIC "SI.01"]
[Time "14:03:20"]
[TimeControl "180+0"]

1. e4 c5 2. Nf3 d6 3. d3 Nf6 4. g3 g6 5. Bg2 Bg7 6. O-O O-O 7. Nc3 Nc6 8.
Re1 Bg4 9. h3 Bxf3 10. Bxf3 Rb8 11. Ne2 b5 12. Bg2 b4 13. f4 Nd7 14. c3 a5
15. Be3 a4 16. d4 a3 17. cxb4 axb2 18. Rb1 Rxb4 19. d5 Na5 20. Bd2 Rb8 21.
Bc3 Bxc3 22. Nxc3 Nc4 23. Bf1 Na3 24. Rxb2 Rxb2 25. Qa4 Nc2 26. Re2 Nb6 27.
Qa5 Nc4 28. Qa4 N4e3 29. Rd2 Qa8 30. Qc6 Nd4 31. Qxa8 Rxd2 32. Qa4 Nf3+ 33.
Kh1 Rh2# {White checkmated} 0-1

[Event "ICCopen2017"]
[Site "Internet Chess Club"]
[Date "2017.03.25"]
[Round "1"]
[White "alekhsay"]
[Black "notetengomiedo"]
[Result "0-1"]
[ICCResult "White forfeits on time"]
[WhiteElo "944"]
[BlackElo "1755"]
[Opening "French defense"]
[ECO "C00"]
[NIC "FR.01"]
[Time "14:04:04"]
[TimeControl "180+0"]

1. e4 e6 2. Nf3 d5 3. d4 dxe4 4. Ne5 c5 5. Bb5+ Nd7 6. Qf3 exf3 7. O-O fxg2
8. Kxg2 cxd4 9. c3 dxc3 10. Nxc3 a6 11. Bxd7+ Bxd7 12. Nxd7 Qxd7 13. Rd1
Qc6+ 14. f3 Nf6 {White forfeits on time} 0-1

[Event "ICCopen2017"]
[Site "Internet Chess Club"]
[Date "2017.03.25"]
[Round "1"]
[White "Kandor"]
[Black "schastlivchik"]
[Result "0-1"]
[ICCResult "White checkmated"]
[WhiteElo "1138"]
[BlackElo "1805"]
[Opening "Alekhine's defense: Maróczy variation"]
[ECO "B02"]
[NIC "AL.10"]
[Time "14:03:35"]
[TimeControl "180+0"]

1. e4 Nf6 2. d3 d6 3. Nd2 c5 4. g3 Nc6 5. Bg2 g6 6. Ngf3 Bg7 7. O-O O-O 8.
c3 Rb8 9. b3 b5 10. Qe2 b4 11. c4 Bd7 12. a4 Nxe4 13. Re1 Nxd2 14. Bxd2 Nd4
15. Qxe7 Nxf3+ 16. Bxf3 Be6 17. Qxa7 Bxa1 18. Rxa1 Qf6 19. Kg2 Qxa1 20. Qc7
Rfd8 21. Qe7 Qd4 22. Bh6 d5 23. Qg5 f6 24. Qh4 Qxh4 25. gxh4 Kf7 26. Bf4
Rbc8 27. Kg3 dxc4 28. dxc4 Rd3 29. h3 Rxb3 30. a5 Ra3 31. Kg2 Rxa5 32. Bb7
Rd8 33. Bc7 Rda8 34. Bxa5 Rxa5 35. Bc6 b3 36. f4 b2 37. Kf3 b1=Q 38. Be4
Ra3+ 39. Ke2 Qxe4+ 40. Kd2 Rd3+ 41. Kc2 Qe2+ 42. Kb1 Rd1# {White checkmated}
0-1

[Event "ICCopen2017"]
[Site "Internet Chess Club"]
[Date "2017.03.25"]
[Round "1"]
[White "chabotheking"]
[Black "Veldigo"]
[Result "1-0"]
[ICCResult "Black checkmated"]
[WhiteElo "2511"]
[BlackElo "1665"]
[Opening "Hungarian defense"]
[ECO "C50"]
[NIC "IG.03"]
[Time "14:04:51"]
[TimeControl "180+0"]

1. e4 e5 2. Nf3 Nc6 3. Bc4 Be7 4. d3 Nf6 5. O-O O-O 6. a4 d6 7. h3 a5 8. c3
Bd7 9. Nbd2 Qc8 10. Qe2 Be6 11. Rd1 Bxc4 12. Nxc4 b6 13. Bg5 Qd7 14. Ne3 Bd8
15. Nf5 Qe6 16. g4 Ne7 17. Kg2 Nxf5 18. gxf5 Qd7 19. Rg1 Kh8 20. Kh2 Ng8 21.
h4 f6 22. Be3 Rf7 23. h5 Ne7 24. Nh4 h6 25. Qg4 Qe8 26. Rg2 Qf8 27. Rag1 Rb8
28. Ng6+ Nxg6 29. hxg6 Rd7 30. Bxh6 gxh6 31. g7+ Rxg7 32. Qxg7+ Qxg7 33.
Rxg7 c5 34. Rg8+ Kh7 35. R1g7# {Black checkmated} 1-0

[Event "ICCopen2017"]
[Site "Internet Chess Club"]
[Date "2017.03.25"]
[Round "1"]
[White "SPARNALIQ"]
[Black "GranTorre"]
[Result "1-0"]
[ICCResult "Black resigns"]
[WhiteElo "3004"]
[BlackElo "1852"]
[Opening "Sicilian: Richter-Rauzer, Rauzer attack, 7...a6"]
[ECO "B66"]
[NIC "SI.29"]
[Time "14:04:11"]
[TimeControl "180+0"]

1. e4 c5 2. Nf3 Nc6 3. d4 cxd4 4. Nxd4 Nf6 5. Nc3 d6 6. Bg5 e6 7. Qd2 a6 8.
O-O-O h6 9. Be3 Be7 10. f4 Nxd4 11. Bxd4 b5 12. Bd3 Bb7 13. e5 dxe5 14. fxe5
Nd7 15. Kb1 Qc7 16. Qf4 Nc5 17. Rhf1 O-O 18. Bxc5 Bxc5 19. Ne4 Be7 20. Nd6
Bxd6 21. exd6 Qc5 22. d7 Rad8 23. Be4 e5 24. Qf5 Bxe4 25. Qxe4 Qe7 26. Qc6
f6 27. Qxa6 Rxd7 28. Qxb5 Rfd8 29. Rxd7 Qxd7 30. Qxd7 Rxd7 31. a4 Kf7 32. b4
Ke6 33. Kb2 f5 34. Kc3 e4 35. b5 Ke5 36. b6 g5 37. a5 f4 38. a6 Rd6 39. a7
Rc6+ 40. Kd2 Rd6+ 41. Kc1 {Black resigns} 1-0

[Event "ICCopen2017"]
[Site "Internet Chess Club"]
[Date "2017.03.25"]
[Round "1"]
[White "aplusk"]
[Black "happychess"]
[Result "1-0"]
[ICCResult "Black resigns"]
[WhiteElo "2788"]
[BlackElo "1714"]
[Opening "Sicilian: Alapin's variation (2.c3)"]
[ECO "B22"]
[NIC "SI.47"]
[Time "14:03:49"]
[TimeControl "180+0"]

1. e4 c5 2. c3 Nf6 3. e5 Nd5 4. d4 cxd4 5. Nf3 e6 6. cxd4 Nc6 7. Bc4 Nb6 8.
Bd3 d5 9. Nc3 Be7 10. O-O O-O 11. a3 Na5 12. Bc2 Nbc4 13. Qd3 g6 14. Rb1 Nc6
15. Ne2 Bd7 16. Bh6 Re8 17. Ng3 Bf8 18. Bxf8 Rxf8 19. h4 f5 20. exf6 Qxf6
21. h5 e5 22. dxe5 N6xe5 23. Nxe5 Nxe5 24. Qxd5+ Be6 25. Qxb7 Rad8 26. hxg6
Nxg6 27. Rbe1 Rd7 28. Qc6 Re7 29. Rxe6 Rxe6 30. Bb3 Ne5 31. Qxe6+ Qxe6 32.
Bxe6+ Kg7 33. Bf5 h5 34. Nxh5+ Kh6 35. Ng3 Nc4 36. b3 Nxa3 37. Bd3 a5 38.
Ra1 Rd8 39. Rxa3 Rxd3 40. Rxa5 Rxb3 41. Kh2 Rb4 42. Kh3 Rf4 43. f3 Rb4 44.
Ra6+ Kg5 45. Ne4+ Kf5 46. Rf6+ Ke5 47. g4 Rxe4 48. Rf5+ Kd4 49. fxe4 Kxe4
50. Kh4 {Black resigns} 1-0

[Event "ICCopen2017"]
[Site "Internet Chess Club"]
[Date "2017.03.25"]
[Round "1"]
[White "ShadowStorm"]
[Black "Baerenstarker"]
[Result "0-1"]
[ICCResult "White checkmated"]
[WhiteElo "1351"]
[BlackElo "1870"]
[Opening "Queen's pawn game"]
[ECO "A45"]
[NIC "QP.07"]
[Time "14:03:50"]
[TimeControl "180+0"]

1. d4 Nf6 2. e3 e6 3. f4 c5 4. Nf3 b6 5. Bd3 Bb7 6. c4 Be7 7. b3 O-O 8. Bb2
d6 9. O-O Re8 10. Nbd2 Nbd7 11. Qe1 Bf8 12. Qg3 e5 13. fxe5 dxe5 14. e4 cxd4
15. Rae1 Nc5 16. Bb1 Qd6 17. Ng5 h6 18. Ngf3 Rad8 19. Nh4 Bc8 20. Nf5 Bxf5
21. Rxf5 g6 22. Ref1 Bg7 23. R5f2 Ne6 24. Nf3 Nh5 25. Qh3 Nef4 26. Qh4 g5
27. Nxg5 hxg5 28. Qxg5 Qg6 29. Qh4 Bf6 30. Qxf4 Nxf4 31. Rxf4 exf4 32. e5 d3
33. exf6 Re2 34. Bc1 Qxg2# {White checkmated} 0-1

[Event "ICCopen2017"]
[Site "Internet Chess Club"]
[Date "2017.03.25"]
[Round "1"]
[White "Ticktockman"]
[Black "carpedef"]
[Result "0-1"]
[ICCResult "White checkmated"]
[WhiteElo "1068"]
[BlackElo "1787"]
[Opening "King's Indian: East Indian defense"]
[ECO "A48"]
[NIC "QP.06"]
[Time "14:03:33"]
[TimeControl "180+0"]

1. Nf3 Nf6 2. d4 g6 3. e3 Bg7 4. g3 O-O 5. Bg2 d6 6. O-O Nbd7 7. Nbd2 e5 8.
dxe5 dxe5 9. b3 Qe7 10. Bb2 Re8 11. a4 h6 12. Ba3 c5 13. c3 e4 14. Ne1 Nf8
15. Qc2 Bf5 16. b4 cxb4 17. Bxb4 Qc7 18. Bxf8 Bxf8 19. Qb3 h5 20. Qc4 Qe7
21. Qe2 h4 22. Rb1 h3 23. Bh1 Rac8 24. Rc1 Qe6 25. f4 exf3 26. Bxf3 Qxe3+
27. Qxe3 Rxe3 28. Nc2 Rexc3 29. Bxb7 R8c7 30. Be4 Nxe4 31. Nxe4 Rxc2 32.
Rxc2 Rxc2 33. Nf2 Bc5 34. a5 Bc8 35. Kh1 Bb7+ 36. Kg1 Ba6 37. Rd1 Rxf2 38.
Rd8+ Kg7 39. Ra8 Rf3+ 40. Kh1 Rf1# {White checkmated} 0-1

[Event "ICCopen2017"]
[Site "Internet Chess Club"]
[Date "2017.03.25"]
[Round "1"]
[White "sanguine"]
[Black "alexander77"]
[Result "0-1"]
[ICCResult "White checkmated"]
[WhiteElo "1009"]
[BlackElo "1778"]
[Opening "Sicilian defense"]
[ECO "B40"]
[NIC "SI.43"]
[Time "14:05:24"]
[TimeControl "180+0"]

1. e4 c5 2. Nf3 e6 3. Bc4 d5 4. exd5 exd5 5. Qe2+ Be6 6. Ng5 dxc4 7. Nxe6
fxe6 8. Qxc4 Nf6 9. d3 Bd6 10. Bg5 O-O 11. Nc3 Re8 12. O-O-O a6 13. Ne4 Be7
14. h4 Qd5 15. Nxf6+ Bxf6 16. Bxf6 gxf6 17. Qg4+ Kh8 18. c4 Qd4 19. Qh5 Nc6
20. Rhe1 Nb4 21. Re4 Nxd3+ 22. Kb1 Qxb2# {White checkmated} 0-1

[Event "ICCopen2017"]
[Site "Internet Chess Club"]
[Date "2017.03.25"]
[Round "1"]
[White "rugsy"]
[Black "fiume"]
[Result "0-1"]
[ICCResult "White resigns"]
[WhiteElo "1380"]
[BlackElo "1915"]
[Opening "French: advance variation"]
[ECO "C02"]
[NIC "FR.03"]
[Time "14:03:17"]
[TimeControl "180+0"]

1. e4 e6 2. d4 d5 3. e5 c5 4. c3 Ne7 5. Bb5+ Bd7 6. Bxd7+ Nxd7 7. f4 Nc6 8.
Nf3 Qb6 9. Qb3 Qxb3 10. axb3 cxd4 11. cxd4 a6 12. O-O Rc8 13. Bd2 Be7 14.
Na3 O-O 15. Rac1 Bb4 16. Rf2 Bxd2 17. Rxd2 Nb4 18. Rxc8 Rxc8 19. Kf2 Rc1 20.
Ke2 Nb8 21. Ne1 N8c6 22. Nec2 Rh1 23. h3 Rg1 24. Kf3 Rc1 25. Ke2 Nxc2 26.
Rxc2 Nxd4+ 27. Kd2 Nxb3+ 28. Kd3 Rxc2 29. Kxc2 Nc5 30. Kc3 f6 31. b4 Ne4+
32. Kd4 b6 33. Nc2 Kf7 34. Ne3 Ke7 35. g4 Nf2 36. h4 fxe5+ 37. fxe5 Kd7 38.
g5 Kc6 39. h5 Kb5 40. Nf5 exf5 41. e6 Kc6 42. e7 Kd7 43. Kxd5 Kxe7 44. Ke5
g6 45. hxg6 hxg6 46. Kf4 a5 {White resigns} 0-1

[Event "ICCopen2017"]
[Site "Internet Chess Club"]
[Date "2017.03.25"]
[Round "1"]
[White "Myko"]
[Black "bspurt"]
[Result "0-1"]
[ICCResult "White checkmated"]
[WhiteElo "1499"]
[BlackElo "2082"]
[Opening "Queen's pawn: Yusupov-Rubinstein system"]
[ECO "A46"]
[NIC "QP.06"]
[Time "14:04:22"]
[TimeControl "180+0"]

1. d4 Nf6 2. Nf3 e6 3. e3 b6 4. Bd3 Bb7 5. Nbd2 Be7 6. b3 O-O 7. Bb2 d5 8.
O-O Nbd7 9. Re1 Rc8 10. Rc1 Re8 11. c4 Bf8 12. Nf1 h6 13. Ng3 c5 14. dxc5
Nxc5 15. Bb1 d4 16. exd4 Ncd7 17. Qd3 Qc7 18. Nh5 Be7 19. Nxf6+ Nxf6 20. Ne5
Rcd8 21. Qg3 Bb4 22. Re3 Bd2 23. Rf3 Bxc1 24. Bxc1 Rxd4 25. Rxf6 Rd1#
{White checkmated}
0-1

[Event "ICCopen2017"]
[Site "Internet Chess Club"]
[Date "2017.03.25"]
[Round "1"]
[White "Teoretik"]
[Black "manitodeplomo"]
[Result "0-1"]
[ICCResult "White resigns"]
[WhiteElo "1666"]
[BlackElo "2515"]
[Opening "Sicilian: Pin variation (Sicilian counter-attack)"]
[ECO "B41"]
[NIC "SI.41"]
[Time "14:04:08"]
[TimeControl "180+0"]

1. e4 c5 2. Nf3 e6 3. d4 cxd4 4. Nxd4 Nf6 5. Nc3 Bb4 6. Bd3 Bxc3+ 7. bxc3 d6
8. O-O O-O 9. Re1 a6 10. Bb2 Nbd7 11. c4 Qc7 12. Qd2 b6 13. Rad1 Bb7 14. Nf3
e5 15. Qe2 Nc5 16. Ba1 Nfxe4 17. Bxe4 Bxe4 18. Qe3 Rad8 19. Rd2 Bf5 20. Red1
Be6 21. Qc3 Ne4 22. Qe3 Nxd2 23. Qxd2 Qxc4 24. Qg5 h6 25. Qg3 Qxc2 26. Re1
Qxa2 27. Nxe5 dxe5 28. Qxe5 f6 29. Qg3 Qd5 30. h3 b5 31. Qa3 Rfe8 32. Qxa6
Bxh3 33. Rxe8+ Rxe8 34. gxh3 Re1+ 35. Kh2 Qh1+ 36. Kg3 Rg1+ 37. Kh4 Qe4+ 38.
Kh5 Qg6+ {White resigns} 0-1

[Event "ICCopen2017"]
[Site "Internet Chess Club"]
[Date "2017.03.25"]
[Round "1"]
[White "AAlekin28"]
[Black "zealous"]
[Result "1-0"]
[ICCResult "Black resigns"]
[WhiteElo "2611"]
[BlackElo "1679"]
[Opening "Scandinavian: Marshall variation"]
[ECO "B01"]
[NIC "SD.03"]
[Time "14:05:42"]
[TimeControl "180+0"]

1. e4 d5 2. exd5 Nf6 3. d4 Nxd5 4. Nf3 g6 5. Be2 Bg7 6. O-O O-O 7. Re1 Bg4
8. c3 e6 9. h3 Bxf3 10. Bxf3 c6 11. Nd2 Nd7 12. Ne4 N7f6 13. Ng3 Qc7 14. Ne2
Rfe8 15. c4 Nb6 16. Bf4 Qd7 17. Qc2 Rad8 18. Rad1 Qc8 19. Qb3 Nbd7 20. Nc3
b6 21. a4 c5 22. Nb5 a6 23. Nd6 {Black resigns} 1-0

[Event "ICCopen2017"]
[Site "Internet Chess Club"]
[Date "2017.03.25"]
[Round "1"]
[White "ol4ik"]
[Black "LastSheep"]
[Result "0-1"]
[ICCResult "White forfeits on time"]
[WhiteElo "2152"]
[BlackElo "1581"]
[Opening "Caro-Kann: advance variation"]
[ECO "B12"]
[NIC "CK.04"]
[Time "14:03:36"]
[TimeControl "180+0"]

1. e4 c6 2. d4 d5 3. e5 Bf5 4. Nf3 h5 5. Be2 e6 6. O-O g6 7. a4 Be7 8. Nbd2
Nh6 9. c4 Ng4 10. h3 Nh6 11. a5 g5 12. Nh2 g4 13. hxg4 Nxg4 14. Nxg4 hxg4
15. Bxg4 Bxg4 16. Qxg4 Qd7 17. Qg7 Rf8 18. c5 Na6 19. Nf3 O-O-O 20. Qg3 f5
21. exf6 Bxf6 22. Ne5 Bxe5 23. Qxe5 Rf5 24. Qg3 Rh8 25. Bf4 Rfh5 26. f3 Nb4
27. Ra3 Nc2 28. Rd3 Nb4 29. Rc3 Na2 30. Rb3 Qh7 31. Re3 Qc2 32. Qh2 Rxh2 33.
Bxh2 Nb4 34. Be5 Rg8 35. Rf2 Qd1+ 36. Kh2 Nc2 37. Ree2 Nxd4 38. Rd2 Qe1 39.
Bg3 e5 40. Bh4 Nf5 41. Rde2 Qb4 42. g4 Nxh4 43. Rxe5 Nxf3+ 44. Rxf3 Qxg4
{White forfeits on time}
0-1

[Event "ICCopen2017"]
[Site "Internet Chess Club"]
[Date "2017.03.25"]
[Round "1"]
[White "psychopat2016"]
[Black "Tui"]
[Result "0-1"]
[ICCResult "White forfeits on time"]
[WhiteElo "1273"]
[BlackElo "1828"]
[Opening "Van't Kruijs opening"]
[ECO "A00"]
[Time "14:03:18"]
[TimeControl "180+0"]

1. e3 g6 2. g3 Bg7 3. Bg2 d6 4. Ne2 e5 5. O-O Nc6 6. b3 Bg4 7. f3 Be6 8. Bb2
Qd7 9. d3 h5 10. Nd2 h4 11. g4 h3 12. Bh1 f5 13. Ng3 fxg4 14. fxg4 Bxg4 15.
Bf3 Nf6 16. Nde4 Bf5 17. Nxf5 gxf5 18. Nxf6+ Bxf6 19. Bh5+ Ke7 20. e4 Rag8+
21. Kh1 Rg5 22. Bf3 Kd8 23. exf5 Qg7 {White forfeits on time} 0-1

[Event "ICCopen2017"]
[Site "Internet Chess Club"]
[Date "2017.03.25"]
[Round "1"]
[White "onti"]
[Black "zhuzhenghai008"]
[Result "0-1"]
[ICCResult "White resigns"]
[WhiteElo "1330"]
[BlackElo "1859"]
[Opening "Sicilian: Grand Prix attack"]
[ECO "B21"]
[NIC "SI.48"]
[Time "14:03:37"]
[TimeControl "180+0"]

1. e4 c5 2. f4 d5 3. exd5 Nf6 4. c4 e6 5. dxe6 Bxe6 6. Nc3 Nc6 7. Nf3 Be7 8.
a3 O-O 9. h3 Bd6 10. d3 Nh5 11. Ne5 Qh4+ 12. Kd2 Qxf4+ 13. Kc2 Qxe5 14. Ne4
Ng3 15. Nxg3 Nd4+ 16. Kb1 Qxg3 17. h4 Rfe8 18. Ka2 Bg4 19. Qa4 a6 20. Bd2 b5
21. Qa5 bxc4 22. Rh3 Bxh3 23. gxh3 cxd3 24. Bc3 h6 25. Bxd4 cxd4 26. Qd2 Re3
27. Re1 Qxe1 28. Qxe1 Rxe1 29. Bxd3 a5 30. Bc4 Rb8 31. b3 Re3 32. Kb1 d3
{White resigns}
0-1

[Event "ICCopen2017"]
[Site "Internet Chess Club"]
[Date "2017.03.25"]
[Round "1"]
[White "CIROVICZCHESS"]
[Black "LionKing93"]
[Result "0-1"]
[ICCResult "White checkmated"]
[WhiteElo "1532"]
[BlackElo "2154"]
[Opening "Sicilian"]
[ECO "B50"]
[NIC "SI.01"]
[Time "14:04:23"]
[TimeControl "180+0"]

1. e4 c5 2. Nf3 d6 3. Bc4 e6 4. c3 Nc6 5. d4 cxd4 6. Nxd4 Nf6 7. f3 d5 8.
exd5 Nxd5 9. Nxc6 bxc6 10. Bxd5 cxd5 11. O-O Bc5+ 12. Kh1 O-O 13. Qd3 a5 14.
a3 Ba6 15. Qd1 Bxf1 16. Qxf1 a4 17. Qe1 Qb6 18. Qg3 Be3 19. Nd2 Bxd2 20.
Bxd2 Qxb2 21. Rd1 Qc2 22. Qe1 Rab8 23. Rc1 Qd3 24. Bf4 Rb2 25. Qg3 Rb1 26.
Rg1 Rxg1+ 27. Kxg1 Qd1+ 28. Kf2 Qc2+ 29. Kf1 Qg6 30. Qf2 Rc8 31. Be5 Qd3+
32. Ke1 f6 33. Bd4 e5 34. Qa2 exd4 35. Qxd5+ Kh8 36. Qd7 Qxc3+ 37. Kf2 d3
38. h3 d2 39. Kg1 Qc1+ 40. Kh2 d1=Q 41. Qf7 Qf4+ 42. g3 Qe2+ 43. Kh1 Rc1#
{White checkmated}
0-1

[Event "ICCopen2017"]
[Site "Internet Chess Club"]
[Date "2017.03.25"]
[Round "1"]
[White "Bojack"]
[Black "blackjack721"]
[Result "1-0"]
[ICCResult "Black forfeits on time"]
[WhiteElo "1860"]
[BlackElo "1334"]
[Opening "Ponziani opening"]
[ECO "C44"]
[NIC "KP.05"]
[Time "14:03:54"]
[TimeControl "180+0"]

1. e4 e5 2. Nf3 Nc6 3. c3 d6 4. d4 exd4 5. cxd4 Nf6 6. Nc3 Bg4 7. Be3 Qd7 8.
h3 Bh5 9. Bb5 a6 10. Ba4 b5 11. Bc2 d5 12. e5 Ne4 13. Nxe4 dxe4 14. Bxe4
Bb4+ 15. Kf1 Bg6 16. Qc2 Bxe4 17. Qxe4 O-O 18. a3 Ba5 19. Rc1 Ne7 20. g4 Bb6
21. Kg2 f5 22. exf6 Rxf6 23. Qxa8+ Nc8 24. Qe4 Nd6 25. Qd5+ Kh8 26. Qa8+ Nc8
27. Rhe1 h6 28. Qe4 Nd6 29. Qd3 Qf7 30. Ne5 Qe6 31. Kg1 Nc4 32. Nxc4 bxc4
33. Qxc4 Qe4 34. d5 Qf3 35. Bxb6 cxb6 36. Qc8+ {Black forfeits on time} 1-0